Orlando Solar Bears vs Atlantic City Gamblers
Created - Friday, April 28, 2023 at 07:25
Goals
|
| Orlando Solar Bears |
0 |
5 |
0 |
0 |
1 |
6 |
| Atlantic City Gamblers |
2 |
2 |
1 |
0 |
0 |
5 |
|
Shots
|
| Orlando Solar Bears |
4 |
19 |
12 |
1 |
3 |
36 |
| Atlantic City Gamblers |
8 |
20 |
13 |
0 |
3 |
41 |
|
1st period
1. Atlantic City Gamblers , Luke Kunin 16 (Ty Smith 15) at 4:55
2. Atlantic City Gamblers , Jakub Lauko 3 (Callan Foote 14) at 14:30
Penalties :
Nils Hoglander (ACG) for Interference (Minor) at 1:33, Luke Kunin (ACG) for Hooking (Minor) at 8:45, Artemi Kniazev (OSB) for Holding (Minor) at 15:15, Jamieson Rees (OSB) for Holding (Minor) at 18:57
2nd period
3. Atlantic City Gamblers , Cody Glass 25 (Luke Kunin 36, Nils Hoglander 33) at 7:01
4. Orlando Solar Bears , Jason Dickinson 31 (John Leonard 30) at 8:49 (PP)
5. Atlantic City Gamblers , Nils Hoglander 23 (Cam Dineen 10, Yegor Chinakhov 22) at 8:59 (SH)
6. Orlando Solar Bears , John Leonard 19 (Jarred Tinordi 17, Victor Soderstrom 13) at 9:10 (PP)
7. Orlando Solar Bears , Alex Turcotte 8 (Emilio Pettersen 6, Isaak Phillips 11) at 10:51
8. Orlando Solar Bears , John Leonard 20 (Jordan Martinook 34, Jason Dickinson 40) at 15:03
9. Orlando Solar Bears , Emilio Pettersen 5 (Alex Turcotte 9, Jarred Tinordi 18) at 17:03
Penalties :
Ronald Attard (ACG) for Hooking (Minor) at 8:30, Callan Foote (ACG) for Holding (Minor) at 8:41, Jason Dickinson (OSB) for Hooking (Minor) at 17:25
3rd period
10. Atlantic City Gamblers , Cam Dineen 1 (Nils Hoglander 34, Cody Glass 29) at 0:58 (PP)
Penalties :
Max Gildon (OSB) for High sticking (Minor) at 0:29, Jarred Tinordi (OSB) for Holding (Minor) at 6:20, Boris Katchouk (ACG) for Interference (Minor) at 15:05, Layton Ahac (ACG) for Fighting (Major) at 17:38, Isaak Phillips (OSB) for Fighting (Major) at 17:38, Jarred Tinordi (OSB) for Interference (Minor) at 19:30
Overtime #1
No Goal
Penalties :
No Penalty
Shootout
Orlando Solar Bears, Jason Dickinson - Stopped by Isaiah Saville
Atlantic City Gamblers, Luke Kunin - Stopped by Felix Sandstrom
Orlando Solar Bears, Morgan Frost - Stopped by Isaiah Saville
Atlantic City Gamblers, Cody Glass - Stopped by Felix Sandstrom
Orlando Solar Bears, Philip Tomasino - Goal!
Atlantic City Gamblers, Nils Hoglander - Stopped by Felix Sandstrom
Penalties :
No Penalty
Goalie Stats
Felix Sandstrom (OSB), 36 saves from 41 shots - (0.878), W, 9-5-2, 65:00 minutes
Isaiah Saville (ACG), 31 saves from 36 shots - (0.861), OTL, 7-5-2, 65:00 minutes
Players Stats for Orlando Solar Bears
Player Name G A P +/- PIM S H SB GA TA FO MP PP MP PK MP
------------------------------------------------------------------------------------
Adam Beckman 0 0 0 0 0 2 0 0 0 0 0/2 14:15 2:39 0:15
Alex Turcotte 1 1 2 2 0 5 1 1 1 0 3/4 11:58 0:00 1:43
Artemi Kniazev 0 0 0 1 2 0 3 0 2 1 0/0 21:56 2:37 3:38
Donovan Sebrango 0 0 0 -1 0 0 1 1 0 0 0/0 18:01 0:00 2:19
Emilio Pettersen 1 1 2 2 0 2 1 0 1 0 0/0 9:30 0:00 0:00
Isaak Phillips 0 1 1 1 5 0 2 2 0 1 0/0 20:41 2:37 3:37
Jamieson Rees 0 0 0 2 2 1 1 0 0 0 1/1 11:20 0:14 0:00
Jarred Tinordi 0 2 2 -1 4 1 5 2 0 0 0/0 25:18 4:00 4:11
Jason Dickinson 1 1 2 -2 2 2 2 0 0 2 19/44 24:07 3:44 5:25
John Leonard 2 1 3 -2 0 6 0 0 1 0 0/0 18:21 3:44 1:05
Jordan Martinook 0 1 1 -2 0 3 1 0 3 0 1/1 20:12 3:44 2:18
Linus Weissbach 0 0 0 -1 0 1 0 0 0 0 0/0 11:03 0:14 0:00
Martin Pospisil 0 0 0 -1 0 0 0 0 0 0 0/0 10:10 0:14 0:00
Max Gildon 0 0 0 -1 2 0 0 1 0 1 0/0 16:56 0:00 0:32
Morgan Frost 0 0 0 0 0 4 0 2 3 0 7/12 21:17 2:39 5:44
Philip Tomasino 0 0 0 -1 0 2 1 0 1 1 4/12 13:12 0:00 2:48
Valtteri Puustinen 0 0 0 0 0 4 0 0 1 1 0/1 13:42 2:39 0:00
Victor Soderstrom 0 1 1 -1 0 3 2 6 0 1 0/0 27:30 4:00 6:31
Players Stats for Atlantic City Gamblers
Player Name G A P +/- PIM S H SB GA TA FO MP PP MP PK MP
------------------------------------------------------------------------------------
Alex Beaucage 0 0 0 1 0 1 2 1 0 0 0/0 12:25 0:04 0:00
Boris Katchouk 0 0 0 -1 2 2 4 0 0 1 1/2 17:57 4:14 0:00
Callan Foote 0 1 1 1 2 3 0 1 0 3 0/0 25:37 4:13 3:08
Cam Dineen 1 1 2 1 0 1 0 2 0 0 0/0 25:34 4:41 3:20
Cody Glass 1 1 2 2 0 6 4 2 1 2 1/1 23:02 4:33 3:16
Egor Sokolov 0 0 0 1 0 7 1 2 1 0 1/2 12:54 0:08 0:16
Jakub Lauko 1 0 1 1 0 3 1 0 1 1 5/12 14:01 0:00 1:44
Jean-Luc Foudy 0 0 0 -1 0 1 1 0 1 1 14/19 17:47 4:17 0:18
Layton Ahac 0 0 0 -2 5 0 0 0 0 0 0/0 5:54 0:00 0:00
Luke Kunin 1 1 2 2 2 6 2 1 0 1 14/31 22:20 4:33 2:21
Michael Vukojevic 0 0 0 -1 0 3 0 1 0 0 0/0 13:48 0:00 0:08
Nick Henry 0 0 0 -2 0 0 1 0 0 0 3/5 6:15 0:03 0:00
Nils Hoglander 1 2 3 3 2 1 1 1 1 1 3/5 21:52 4:33 2:06
Ronald Attard 0 0 0 1 2 2 2 3 0 1 0/0 25:33 4:41 3:20
Thomas Harley 0 0 0 -1 0 0 0 1 0 0 0/0 13:40 0:00 0:00
Ty Smith 0 1 1 1 0 1 2 3 0 2 0/0 25:46 4:13 3:17
Xavier Bernard 0 0 0 -2 0 0 0 0 0 0 0/0 6:12 0:00 0:00
Yegor Chinakhov 0 1 1 0 0 4 1 0 3 0 0/0 22:35 4:17 3:05
3 Stars
1 - Cody Glass (ACG)
2 - Nils Hoglander (ACG)
3 - Alex Turcotte (OSB)
Power Play
Orlando Solar Bears - 2 on 5 Attempt(s) - 40.00%
Atlantic City Gamblers - 1 on 6 Attempt(s) - 16.67%
Penalty Kill
Orlando Solar Bears - 5 on 6 Attempt(s) - 83.33%
- Score 0 goal in Penalty Kill
Atlantic City Gamblers - 3 on 5 Attempt(s) - 60.00%
- Score 1 goal in Penalty Kill
Team Stat
Orlando Solar Bears - Hits : 20 - Faceoff Wins : 35 - Blocked Shots : 15 - Penalty Minutes : 17
Atlantic City Gamblers - Hits : 22 - Faceoff Wins : 42 - Blocked Shots : 18 - Penalty Minutes : 15
Official
Referees : Kendrick Nicholson and Dennis LaRue
Linesman : Brad Kovachik and Scott Cherrey
Game Notes
Layton Ahac and Isaak Phillips fight to a draw at 17:38 of 3rd period
Orlando Solar Bears
5 vs 5 Forward
Center Left Wing Right Wing Time % Phy DF OF
1 Jason Dickinson Jordan Martinook John Leonard 32 1 2 2
2 Morgan Frost Adam Beckman Valtteri Puustinen 27 1 2 2
3 Philip Tomasino Linus Weissbach Martin Pospisil 23 1 2 2
4 Alex Turcotte Emilio Pettersen Jamieson Rees 18 1 2 2
5 vs 5 Defense
Defense Defense Time % Phy DF OF
1 Victor Soderstrom Jarred Tinordi 35 1 2 2
2 Isaak Phillips Artemi Kniazev 33 1 2 2
3 Max Gildon Donovan Sebrango 32 1 2 2
4 Victor Soderstrom Jarred Tinordi 0 1 2 2
PowerPlay Forward
Center Left Wing Right Wing Time % Phy DF OF
1 Jason Dickinson Jordan Martinook John Leonard 60 1 2 2
2 Morgan Frost Adam Beckman Valtteri Puustinen 40 1 2 2
PowerPlay Defense
Defense Defense Time % Phy DF OF
1 Victor Soderstrom Jarred Tinordi 60 1 2 2
2 Isaak Phillips Artemi Kniazev 40 1 2 2
Penalty Kill 4 Players Forward
Center Wing Time % Phy DF OF
1 Jason Dickinson Morgan Frost 60 1 2 2
2 Philip Tomasino Jordan Martinook 40 1 2 2
Penalty Kill 4 Players Defense
Defense Defense Time % Phy DF OF
1 Victor Soderstrom Jarred Tinordi 60 1 2 2
2 Isaak Phillips Artemi Kniazev 40 1 2 2
Penalty Kill - 3 Players Forward
Forward Time % Phy DF OF
1 Jason Dickinson 60 1 2 2
2 Morgan Frost 40 1 2 2
Penalty Kill - 3 Players Defense
Defense Defense Time % Phy DF OF
1 Victor Soderstrom Jarred Tinordi 60 1 2 2
2 Isaak Phillips Artemi Kniazev 40 1 2 2
4 vs 4 Forward
Center Wing Time % Phy DF OF
1 Jason Dickinson Morgan Frost 60 1 2 2
2 Philip Tomasino Jordan Martinook 40 1 2 2
4 vs 4 Defense
Defense Defense Time % Phy DF OF
1 Victor Soderstrom Jarred Tinordi 60 1 2 2
2 Isaak Phillips Artemi Kniazev 40 1 2 2
Last Minutes Offensive
Center Left Wing Right Wing Defense Defense
Jason Dickinson Jordan Martinook John Leonard Victor Soderstrom Jarred Tinordi
Last Minutes Defensive
Center Left Wing Right Wing Defense Defense
Jason Dickinson Jordan Martinook John Leonard Victor Soderstrom Jarred Tinordi
Goaltenders
Starting : Felix Sandstrom
Backup : Filip Gustavsson
Extra Forwards
Normal : Jamieson Rees, Linus Weissbach, Alex Turcotte - PP : Jamieson Rees, Linus Weissbach - PK : Alex Turcotte
Extra Defensemen
Normal : Max Gildon, Donovan Sebrango, Isaak Phillips - PP : Max Gildon - PK : Donovan Sebrango, Isaak Phillips
Penalty Shots
Jason Dickinson, Morgan Frost, Philip Tomasino, Jordan Martinook, John Leonard
Atlantic City Gamblers
5 vs 5 Forward
Center Left Wing Right Wing Time % Phy DF OF
1 Luke Kunin Nils Hoglander Cody Glass 30 1 2 2
2 Jean-Luc Foudy Boris Katchouk Yegor Chinakhov 30 1 2 2
3 Jakub Lauko Egor Sokolov Alex Beaucage 25 1 2 2
4 Nick Henry Layton Ahac Xavier Bernard 15 1 2 2
5 vs 5 Defense
Defense Defense Time % Phy DF OF
1 Ty Smith Callan Foote 35 1 2 2
2 Ronald Attard Cam Dineen 35 1 2 2
3 Thomas Harley Michael Vukojevic 30 1 2 2
4 Ty Smith Callan Foote 0 1 2 2
PowerPlay Forward
Center Left Wing Right Wing Time % Phy DF OF
1 Luke Kunin Nils Hoglander Cody Glass 50 1 2 2
2 Jean-Luc Foudy Boris Katchouk Yegor Chinakhov 50 1 2 2
PowerPlay Defense
Defense Defense Time % Phy DF OF
1 Ty Smith Callan Foote 50 1 2 2
2 Ronald Attard Cam Dineen 50 1 2 2
Penalty Kill 4 Players Forward
Center Wing Time % Phy DF OF
1 Luke Kunin Cody Glass 50 1 2 2
2 Nils Hoglander Yegor Chinakhov 50 1 2 2
Penalty Kill 4 Players Defense
Defense Defense Time % Phy DF OF
1 Ty Smith Callan Foote 50 1 2 2
2 Ronald Attard Cam Dineen 50 1 2 2
Penalty Kill - 3 Players Forward
Forward Time % Phy DF OF
1 Luke Kunin 50 1 2 2
2 Cody Glass 50 1 2 2
Penalty Kill - 3 Players Defense
Defense Defense Time % Phy DF OF
1 Ty Smith Callan Foote 50 1 2 2
2 Ronald Attard Cam Dineen 50 1 2 2
4 vs 4 Forward
Center Wing Time % Phy DF OF
1 Luke Kunin Cody Glass 50 1 2 2
2 Nils Hoglander Yegor Chinakhov 50 1 2 2
4 vs 4 Defense
Defense Defense Time % Phy DF OF
1 Ty Smith Callan Foote 50 1 2 2
2 Ronald Attard Cam Dineen 50 1 2 2
Last Minutes Offensive
Center Left Wing Right Wing Defense Defense
Luke Kunin Nils Hoglander Cody Glass Ty Smith Callan Foote
Last Minutes Defensive
Center Left Wing Right Wing Defense Defense
Luke Kunin Nils Hoglander Cody Glass Ty Smith Callan Foote
Goaltenders
Starting : Isaiah Saville
Backup : Tuukka Rask
Extra Forwards
Normal : Egor Sokolov, Alex Beaucage, Jakub Lauko - PP : Egor Sokolov, Alex Beaucage - PK : Jakub Lauko
Extra Defensemen
Normal : Thomas Harley, Michael Vukojevic, Xavier Bernard - PP : Thomas Harley - PK : Michael Vukojevic, Xavier Bernard
Penalty Shots
Luke Kunin, Cody Glass, Nils Hoglander, Yegor Chinakhov, Boris Katchouk
% Time on Ice - Orlando Solar Bears
Lines # - Real PCT - Wanted PCT - Time Play
Normal Forward
1 - 32% - 32% - 14:05
2 - 25% - 27% - 11:19
3 - 22% - 23% - 9:35
4 - 21% - 18% - 9:30
Normal Defense
1 - 35% - 35% - 15:22
2 - 32% - 33% - 14:21
3 - 33% - 32% - 14:46
4 - 0% - 0% - 0:00
PP Forward
1 - 60% - 60% - 3:58
2 - 40% - 40% - 2:39
PP Defense
1 - 60% - 60% - 4:00
2 - 40% - 40% - 2:37
PK Forward
1 - 77% - 60% - 6:51
2 - 23% - 40% - 2:03
PK Defense
1 - 59% - 60% - 5:17
2 - 41% - 40% - 3:37
PK3 Forward
1 - 86% - 60% - 1:17
2 - 14% - 40% - 0:13
PK3 Defense
1 - 40% - 60% - 0:36
2 - 60% - 40% - 0:54
44 Forward
1 - 78% - 60% - 2:44
2 - 22% - 40% - 0:46
44 Defense
1 - 66% - 60% - 2:19
2 - 34% - 40% - 1:11
Last Minute Offensive - 0:00
Last Minute Defensive - 0:00
Total
Forward - 65:00
Defense - 65:00
|
% Time on Ice - Atlantic City Gamblers
Lines # - Real PCT - Wanted PCT - Time Play
Normal Forward
1 - 30% - 30% - 13:21
2 - 30% - 30% - 13:19
3 - 26% - 25% - 11:37
4 - 14% - 15% - 6:12
Normal Defense
1 - 35% - 35% - 15:44
2 - 34% - 35% - 15:05
3 - 31% - 30% - 13:40
4 - 0% - 0% - 0:00
PP Forward
1 - 52% - 50% - 4:36
2 - 48% - 50% - 4:18
PP Defense
1 - 47% - 50% - 4:13
2 - 53% - 50% - 4:41
PK Forward
1 - 50% - 50% - 3:15
2 - 50% - 50% - 3:14
PK Defense
1 - 49% - 50% - 3:09
2 - 51% - 50% - 3:20
PK3 Forward
1 - 100% - 50% - 0:08
2 - 0% - 50% - 0:00
PK3 Defense
1 - 100% - 50% - 0:08
2 - 0% - 50% - 0:00
44 Forward
1 - 49% - 50% - 2:26
2 - 51% - 50% - 2:34
44 Defense
1 - 51% - 50% - 2:32
2 - 49% - 50% - 2:28
Last Minute Offensive - 0:00
Last Minute Defensive - 0:00
Total
Forward - 65:00
Defense - 65:00
|
Play-by-Play
1st period
0:01 of 1st period - Luke Kunin wins face-off versus Jason Dickinson in neutral zone.
0:57 of 1st period - Ronald Attard is hit by Philip Tomasino and loses puck.
1:16 of 1st period - Slapshot by Cam Dineen.
1:16 of 1st period - Shot Blocked by Max Gildon.
1:33 of 1st period - Minor Penalty to Nils Hoglander for Interference.
1:34 of 1st period - Cody Glass wins face-off versus Jason Dickinson in Atlantic City Gamblers zone.
2:10 of 1st period - Wrist shot by Morgan Frost.
2:10 of 1st period - Shot Blocked by Ronald Attard.
2:12 of 1st period - Slapshot by Jarred Tinordi.
2:12 of 1st period - Shot Blocked by Cam Dineen.
2:14 of 1st period - Slapshot by Valtteri Puustinen.
2:14 of 1st period - Stopped by Isaiah Saville with a rebound.
3:33 of 1st period - Penalty to Nils Hoglander is over, Nils Hoglander is back on ice.
3:34 of 1st period - Off-side.
3:35 of 1st period - Jamieson Rees wins face-off versus Nick Henry in neutral zone.
3:42 of 1st period - Wrist shot by Linus Weissbach.
3:42 of 1st period - Stopped by Isaiah Saville without a rebound.
3:43 of 1st period - Nick Henry wins face-off versus Philip Tomasino in Atlantic City Gamblers zone.
4:27 of 1st period - Off-side.
4:28 of 1st period - Jason Dickinson wins face-off versus Luke Kunin in neutral zone.
4:35 of 1st period - John Leonard is hit by Luke Kunin and loses puck.
4:55 of 1st period - Snap shot by Luke Kunin.
4:55 of 1st period - Goal by Luke Kunin - Orlando Solar Bears : 0 - Atlantic City Gamblers : 1.
4:56 of 1st period - Jean-Luc Foudy wins face-off versus Valtteri Puustinen in neutral zone.
5:12 of 1st period - Slapshot by Boris Katchouk.
5:12 of 1st period - Shot Blocked by Victor Soderstrom.
5:22 of 1st period - Ronald Attard is hit by Jarred Tinordi and loses puck.
5:49 of 1st period - Snap shot by Nils Hoglander.
5:49 of 1st period - Deflect By Luke Kunin.
5:49 of 1st period - Shot Misses the Net.
5:49 of 1st period - Puck is out of play.
5:50 of 1st period - Luke Kunin wins face-off versus Jason Dickinson in Orlando Solar Bears zone.
5:51 of 1st period - Wrist shot by Cody Glass.
5:51 of 1st period - Shot Misses the Net.
5:53 of 1st period - Wrist shot by Cody Glass.
5:53 of 1st period - Stopped by Felix Sandstrom without a rebound.
5:54 of 1st period - Jean-Luc Foudy wins face-off versus Philip Tomasino in Orlando Solar Bears zone.
6:39 of 1st period - Snap shot by Alex Turcotte.
6:39 of 1st period - Shot Misses the Net.
7:51 of 1st period - Snap shot by Philip Tomasino.
7:51 of 1st period - Stopped by Isaiah Saville without a rebound.
7:52 of 1st period - Jean-Luc Foudy wins face-off versus Jason Dickinson in Atlantic City Gamblers zone.
8:19 of 1st period - Morgan Frost is hit by Egor Sokolov and loses puck.
8:26 of 1st period - Wrist shot by Egor Sokolov.
8:26 of 1st period - Stopped by Felix Sandstrom with a rebound.
8:45 of 1st period - Minor Penalty to Luke Kunin for Hooking.
8:46 of 1st period - Jakub Lauko wins face-off versus Jason Dickinson in Atlantic City Gamblers zone.
8:46 of 1st period - Jakub Lauko is hit by Jarred Tinordi.
9:17 of 1st period - Slapshot by Morgan Frost.
9:17 of 1st period - Shot Blocked by Cam Dineen.
9:19 of 1st period - Wrist shot by Valtteri Puustinen.
9:19 of 1st period - Deflect By Adam Beckman.
9:19 of 1st period - Shot Misses the Net.
9:19 of 1st period - Puck is out of play.
9:20 of 1st period - Jason Dickinson wins face-off versus Jakub Lauko in Atlantic City Gamblers zone.
9:33 of 1st period - John Leonard is hit by Yegor Chinakhov and loses puck.
9:46 of 1st period - Valtteri Puustinen is hit by Cody Glass and loses puck.
9:57 of 1st period - Morgan Frost is hit by Cody Glass and loses puck.
10:45 of 1st period - Penalty to Luke Kunin is over, Luke Kunin is back on ice.
11:24 of 1st period - Thomas Harley is hit by Alex Turcotte and loses puck.
11:53 of 1st period - Cam Dineen is hit by Jamieson Rees and loses puck.
12:12 of 1st period - Slapshot by Ronald Attard.
12:12 of 1st period - Shot Misses the Net.
12:15 of 1st period - Icing by Max Gildon.
12:16 of 1st period - Philip Tomasino wins face-off versus Jean-Luc Foudy in Orlando Solar Bears zone.
12:43 of 1st period - Slapshot by Jason Dickinson.
12:43 of 1st period - Shot Misses the Net.
14:02 of 1st period - John Leonard is hit by Ronald Attard and loses puck.
14:25 of 1st period - Jason Dickinson is hit by Ty Smith and loses puck.
14:30 of 1st period - Snap shot by Jakub Lauko.
14:30 of 1st period - Goal by Jakub Lauko - Orlando Solar Bears : 0 - Atlantic City Gamblers : 2.
14:31 of 1st period - Jean-Luc Foudy wins face-off versus Morgan Frost in neutral zone.
14:40 of 1st period - Wrist shot by Yegor Chinakhov.
14:40 of 1st period - Shot Misses the Net.
14:46 of 1st period - Wrist shot by Valtteri Puustinen.
14:46 of 1st period - Deflect By Morgan Frost.
14:46 of 1st period - Stopped by Isaiah Saville with a rebound.
14:56 of 1st period - Artemi Kniazev is hit by Luke Kunin and loses puck.
15:09 of 1st period - Snap shot by Luke Kunin.
15:09 of 1st period - Stopped by Felix Sandstrom with a rebound.
15:15 of 1st period - Minor Penalty to Artemi Kniazev for Holding.
15:16 of 1st period - Luke Kunin wins face-off versus Jason Dickinson in Orlando Solar Bears zone.
15:27 of 1st period - Snap shot by Luke Kunin.
15:27 of 1st period - Stopped by Felix Sandstrom with a rebound.
15:29 of 1st period - Slapshot by Ty Smith.
15:29 of 1st period - Shot Blocked by Morgan Frost.
15:31 of 1st period - Slapshot by Callan Foote.
15:31 of 1st period - Shot Blocked by Victor Soderstrom.
17:03 of 1st period - Cody Glass is hit by Victor Soderstrom and loses puck.
17:15 of 1st period - Penalty to Artemi Kniazev is over, Artemi Kniazev is back on ice.
17:17 of 1st period - Jordan Martinook is hit by Alex Beaucage and loses puck.
18:01 of 1st period - Thomas Harley is hit by Isaak Phillips and loses puck.
18:34 of 1st period - Ronald Attard is hit by Jordan Martinook and loses puck.
18:57 of 1st period - Minor Penalty to Jamieson Rees for Holding.
18:58 of 1st period - Jean-Luc Foudy wins face-off versus Jason Dickinson in Orlando Solar Bears zone.
18:59 of 1st period - Slapshot by Yegor Chinakhov.
18:59 of 1st period - Stopped by Felix Sandstrom with a rebound.
19:11 of 1st period - Snap shot by Boris Katchouk.
19:11 of 1st period - Stopped by Felix Sandstrom without a rebound.
19:12 of 1st period - Jason Dickinson wins face-off versus Luke Kunin in Orlando Solar Bears zone.
Goals for this period are 0 for Orlando Solar Bears vs 2 for Atlantic City Gamblers.
Shots for this period are 4 for Orlando Solar Bears vs 8 for Atlantic City Gamblers.
2nd period
0:01 of 2nd period - Jason Dickinson wins face-off versus Luke Kunin in neutral zone.
0:32 of 2nd period - Snap shot by Yegor Chinakhov.
0:32 of 2nd period - Shot Blocked by Victor Soderstrom.
0:34 of 2nd period - Slapshot by Callan Foote.
0:34 of 2nd period - Stopped by Felix Sandstrom without a rebound.
0:35 of 2nd period - Jean-Luc Foudy wins face-off versus Jason Dickinson in Orlando Solar Bears zone.
0:52 of 2nd period - Morgan Frost is hit by Boris Katchouk and loses puck.
0:57 of 2nd period - Penalty to Jamieson Rees is over, Jamieson Rees is back on ice.
1:12 of 2nd period - Slapshot by Linus Weissbach.
1:12 of 2nd period - Shot Misses the Net.
1:14 of 2nd period - Snap shot by Martin Pospisil.
1:14 of 2nd period - Shot Blocked by Nils Hoglander.
1:31 of 2nd period - Wrist shot by Alex Turcotte.
1:31 of 2nd period - Stopped by Isaiah Saville with a rebound.
1:43 of 2nd period - Nick Henry is hit by Jason Dickinson and loses puck.
1:47 of 2nd period - Icing by Ty Smith.
1:48 of 2nd period - Nick Henry wins face-off versus Morgan Frost in Atlantic City Gamblers zone.
1:54 of 2nd period - Snap shot by Xavier Bernard.
1:54 of 2nd period - Shot Misses the Net.
1:56 of 2nd period - Slapshot by Ronald Attard.
1:56 of 2nd period - Stopped by Felix Sandstrom with a rebound.
2:00 of 2nd period - Snap shot by Ronald Attard.
2:00 of 2nd period - Stopped by Felix Sandstrom without a rebound.
2:01 of 2nd period - Jason Dickinson wins face-off versus Jean-Luc Foudy in Orlando Solar Bears zone.
2:01 of 2nd period - Jason Dickinson is hit by Boris Katchouk.
2:08 of 2nd period - Wrist shot by Boris Katchouk.
2:08 of 2nd period - Stopped by Felix Sandstrom with a rebound.
2:10 of 2nd period - Snap shot by Jean-Luc Foudy.
2:10 of 2nd period - Shot Misses the Net.
2:12 of 2nd period - Wrist shot by Michael Vukojevic.
2:12 of 2nd period - Deflect By Jordan Martinook.
2:12 of 2nd period - Stopped by Felix Sandstrom with a rebound.
2:23 of 2nd period - Icing by Isaak Phillips.
2:24 of 2nd period - Jason Dickinson wins face-off versus Luke Kunin in Orlando Solar Bears zone.
2:37 of 2nd period - Wrist shot by Morgan Frost.
2:37 of 2nd period - Shot Blocked by Ty Smith.
2:39 of 2nd period - Slapshot by Artemi Kniazev.
2:39 of 2nd period - Shot Blocked by Callan Foote.
2:51 of 2nd period - Wrist shot by Philip Tomasino.
2:51 of 2nd period - Stopped by Isaiah Saville with a rebound.
3:09 of 2nd period - Jakub Lauko is hit by Emilio Pettersen and loses puck.
3:16 of 2nd period - Snap shot by Alex Turcotte.
3:16 of 2nd period - Stopped by Isaiah Saville with a rebound.
3:18 of 2nd period - Snap shot by Alex Turcotte.
3:18 of 2nd period - Shot Misses the Net.
3:20 of 2nd period - Snap shot by Jamieson Rees.
3:20 of 2nd period - Deflect By Ty Smith.
3:20 of 2nd period - Shot Blocked by Egor Sokolov.
3:20 of 2nd period - Puck is out of play.
3:21 of 2nd period - Luke Kunin wins face-off versus Jason Dickinson in Atlantic City Gamblers zone.
3:56 of 2nd period - Snap shot by Morgan Frost.
3:56 of 2nd period - Stopped by Isaiah Saville without a rebound.
3:57 of 2nd period - Jakub Lauko wins face-off versus Philip Tomasino in Atlantic City Gamblers zone.
3:57 of 2nd period - Jakub Lauko is hit by Jarred Tinordi.
4:38 of 2nd period - Snap shot by Egor Sokolov.
4:38 of 2nd period - Stopped by Felix Sandstrom without a rebound.
4:39 of 2nd period - Jason Dickinson wins face-off versus Jean-Luc Foudy in Orlando Solar Bears zone.
4:48 of 2nd period - Snap shot by Jason Dickinson.
4:48 of 2nd period - Stopped by Isaiah Saville without a rebound.
4:49 of 2nd period - Jean-Luc Foudy wins face-off versus Jason Dickinson in Atlantic City Gamblers zone.
4:54 of 2nd period - Slapshot by Yegor Chinakhov.
4:54 of 2nd period - Stopped by Felix Sandstrom without a rebound.
4:55 of 2nd period - Boris Katchouk wins face-off versus Jason Dickinson in Orlando Solar Bears zone.
5:00 of 2nd period - Snap shot by Yegor Chinakhov.
5:00 of 2nd period - Stopped by Felix Sandstrom with a rebound.
5:02 of 2nd period - Slapshot by Ty Smith.
5:02 of 2nd period - Deflect By Boris Katchouk.
5:02 of 2nd period - Shot Hit the Post.
5:02 of 2nd period - Puck is out of play.
5:03 of 2nd period - Jean-Luc Foudy wins face-off versus Jason Dickinson in Orlando Solar Bears zone.
5:06 of 2nd period - Snap shot by Yegor Chinakhov.
5:06 of 2nd period - Stopped by Felix Sandstrom with a rebound.
5:12 of 2nd period - Snap shot by Jean-Luc Foudy.
5:12 of 2nd period - Stopped by Felix Sandstrom with a rebound.
5:14 of 2nd period - Slapshot by Callan Foote.
5:14 of 2nd period - Shot Blocked by Isaak Phillips.
5:16 of 2nd period - Backhand shot by Ty Smith.
5:16 of 2nd period - Shot Blocked by Isaak Phillips.
5:18 of 2nd period - Snap shot by Jean-Luc Foudy.
5:18 of 2nd period - Shot Misses the Net.
6:35 of 2nd period - Wrist shot by Jordan Martinook.
6:35 of 2nd period - Shot Misses the Net.
6:55 of 2nd period - Wrist shot by Cody Glass.
6:55 of 2nd period - Stopped by Felix Sandstrom with a rebound.
6:57 of 2nd period - Snap shot by Luke Kunin.
6:57 of 2nd period - Stopped by Felix Sandstrom with a rebound.
6:59 of 2nd period - Slapshot by Cody Glass.
6:59 of 2nd period - Deflect By Luke Kunin.
6:59 of 2nd period - Stopped by Felix Sandstrom with a rebound.
7:01 of 2nd period - Wrist shot by Cody Glass.
7:01 of 2nd period - Goal by Cody Glass - Orlando Solar Bears : 0 - Atlantic City Gamblers : 3.
7:02 of 2nd period - Luke Kunin wins face-off versus Jason Dickinson in neutral zone.
7:05 of 2nd period - Snap shot by Nils Hoglander.
7:05 of 2nd period - Shot Misses the Net.
7:07 of 2nd period - Wrist shot by Ronald Attard.
7:07 of 2nd period - Shot Blocked by Victor Soderstrom.
7:09 of 2nd period - Slapshot by Cody Glass.
7:09 of 2nd period - Deflect By Nils Hoglander.
7:09 of 2nd period - Shot Misses the Net.
7:09 of 2nd period - Puck is out of play.
7:10 of 2nd period - Luke Kunin wins face-off versus Jason Dickinson in Orlando Solar Bears zone.
7:13 of 2nd period - Snap shot by Cody Glass.
7:13 of 2nd period - Stopped by Felix Sandstrom without a rebound.
7:14 of 2nd period - Jean-Luc Foudy wins face-off versus Jason Dickinson in Orlando Solar Bears zone.
8:03 of 2nd period - Cam Dineen is hit by Artemi Kniazev.
8:30 of 2nd period - Minor Penalty to Ronald Attard for Hooking.
8:31 of 2nd period - Jason Dickinson wins face-off versus Luke Kunin in Atlantic City Gamblers zone.
8:39 of 2nd period - Wrist shot by John Leonard.
8:39 of 2nd period - Shot Blocked by Luke Kunin.
8:41 of 2nd period - Minor Penalty to Callan Foote for Holding.
8:42 of 2nd period - Jason Dickinson wins face-off versus Luke Kunin in Atlantic City Gamblers zone.
8:45 of 2nd period - Snap shot by John Leonard.
8:45 of 2nd period - Shot Blocked by Michael Vukojevic.
8:47 of 2nd period - Snap shot by John Leonard.
8:47 of 2nd period - Shot Blocked by Ty Smith.
8:49 of 2nd period - Wrist shot by Jason Dickinson.
8:49 of 2nd period - Deflect By Ty Smith.
8:49 of 2nd period - Goal by Jason Dickinson - Orlando Solar Bears : 1 - Atlantic City Gamblers : 3.
8:50 of 2nd period - Nils Hoglander wins face-off versus Jason Dickinson in neutral zone.
8:59 of 2nd period - Snap shot by Nils Hoglander.
8:59 of 2nd period - Goal by Nils Hoglander - Orlando Solar Bears : 1 - Atlantic City Gamblers : 4.
9:00 of 2nd period - Jason Dickinson wins face-off versus Luke Kunin in neutral zone.
9:04 of 2nd period - Backhand shot by Jarred Tinordi.
9:04 of 2nd period - Shot Blocked by Ronald Attard.
9:06 of 2nd period - Wrist shot by Victor Soderstrom.
9:06 of 2nd period - Stopped by Isaiah Saville with a rebound.
9:08 of 2nd period - Slapshot by Jarred Tinordi.
9:08 of 2nd period - Shot Blocked by Ronald Attard.
9:10 of 2nd period - Wrist shot by John Leonard.
9:10 of 2nd period - Goal by John Leonard - Orlando Solar Bears : 2 - Atlantic City Gamblers : 4.
9:11 of 2nd period - Jason Dickinson wins face-off versus Boris Katchouk in neutral zone.
9:14 of 2nd period - Snap shot by Jordan Martinook.
9:14 of 2nd period - Shot Misses the Net.
10:22 of 2nd period - Ty Smith is hit by Artemi Kniazev and loses puck.
10:29 of 2nd period - Wrist shot by Egor Sokolov.
10:29 of 2nd period - Shot Misses the Net.
10:49 of 2nd period - Slapshot by Alex Turcotte.
10:49 of 2nd period - Stopped by Isaiah Saville with a rebound.
10:51 of 2nd period - Wrist shot by Alex Turcotte.
10:51 of 2nd period - Goal by Alex Turcotte - Orlando Solar Bears : 3 - Atlantic City Gamblers : 4.
10:52 of 2nd period - Morgan Frost wins face-off versus Luke Kunin in neutral zone.
11:08 of 2nd period - Snap shot by Nils Hoglander.
11:08 of 2nd period - Shot Misses the Net.
11:37 of 2nd period - Snap shot by Egor Sokolov.
11:37 of 2nd period - Stopped by Felix Sandstrom with a rebound.
11:39 of 2nd period - Slapshot by Callan Foote.
11:39 of 2nd period - Stopped by Felix Sandstrom without a rebound.
11:40 of 2nd period - Luke Kunin wins face-off versus Philip Tomasino in Orlando Solar Bears zone.
12:03 of 2nd period - Wrist shot by Philip Tomasino.
12:03 of 2nd period - Shot Misses the Net.
12:17 of 2nd period - Wrist shot by Luke Kunin.
12:17 of 2nd period - Stopped by Felix Sandstrom without a rebound.
12:18 of 2nd period - Jean-Luc Foudy wins face-off versus Morgan Frost in Orlando Solar Bears zone.
12:45 of 2nd period - Icing by Egor Sokolov.
12:46 of 2nd period - Jason Dickinson wins face-off versus Jakub Lauko in Atlantic City Gamblers zone.
12:53 of 2nd period - Snap shot by John Leonard.
12:53 of 2nd period - Stopped by Isaiah Saville with a rebound.
13:33 of 2nd period - Slapshot by Ty Smith.
13:33 of 2nd period - Stopped by Felix Sandstrom with a rebound.
13:41 of 2nd period - Snap shot by Ty Smith.
13:41 of 2nd period - Deflect By Xavier Bernard.
13:41 of 2nd period - Shot Misses the Net.
13:41 of 2nd period - Puck is out of play.
13:42 of 2nd period - Jason Dickinson wins face-off versus Luke Kunin in Orlando Solar Bears zone.
13:42 of 2nd period - Jason Dickinson is hit by Cody Glass.
14:36 of 2nd period - Slapshot by Victor Soderstrom.
14:36 of 2nd period - Stopped by Isaiah Saville with a rebound.
14:52 of 2nd period - Snap shot by John Leonard.
14:52 of 2nd period - Stopped by Isaiah Saville without a rebound.
14:53 of 2nd period - Nick Henry wins face-off versus Jason Dickinson in Atlantic City Gamblers zone.
14:59 of 2nd period - Snap shot by Jordan Martinook.
14:59 of 2nd period - Stopped by Isaiah Saville with a rebound.
15:01 of 2nd period - Snap shot by Jordan Martinook.
15:01 of 2nd period - Stopped by Isaiah Saville with a rebound.
15:03 of 2nd period - Wrist shot by John Leonard.
15:03 of 2nd period - Goal by John Leonard - Orlando Solar Bears : 4 - Atlantic City Gamblers : 4.
15:04 of 2nd period - Luke Kunin wins face-off versus Jason Dickinson in neutral zone.
15:19 of 2nd period - Snap shot by John Leonard.
15:19 of 2nd period - Deflect By Jason Dickinson.
15:19 of 2nd period - Shot Blocked by Cody Glass.
15:19 of 2nd period - Puck is out of play.
15:20 of 2nd period - Jean-Luc Foudy wins face-off versus Morgan Frost in Atlantic City Gamblers zone.
15:26 of 2nd period - Off-side.
15:27 of 2nd period - Morgan Frost wins face-off versus Jean-Luc Foudy in neutral zone.
15:42 of 2nd period - Slapshot by Adam Beckman.
15:42 of 2nd period - Stopped by Isaiah Saville with a rebound.
15:52 of 2nd period - Artemi Kniazev is hit by Nils Hoglander and loses puck.
16:01 of 2nd period - Snap shot by Jason Dickinson.
16:01 of 2nd period - Shot Misses the Net.
16:59 of 2nd period - Slapshot by Jarred Tinordi.
16:59 of 2nd period - Stopped by Isaiah Saville with a rebound.
17:01 of 2nd period - Snap shot by Alex Turcotte.
17:01 of 2nd period - Shot Misses the Net.
17:03 of 2nd period - Wrist shot by Emilio Pettersen.
17:03 of 2nd period - Goal by Emilio Pettersen - Orlando Solar Bears : 5 - Atlantic City Gamblers : 4.
17:04 of 2nd period - Jason Dickinson wins face-off versus Luke Kunin in neutral zone.
17:25 of 2nd period - Minor Penalty to Jason Dickinson for Hooking.
17:26 of 2nd period - Luke Kunin wins face-off versus Alex Turcotte in Orlando Solar Bears zone.
17:51 of 2nd period - Jarred Tinordi is hit by Jean-Luc Foudy and loses puck.
19:25 of 2nd period - Penalty to Jason Dickinson is over, Jason Dickinson is back on ice.
Goals for this period are 5 for Orlando Solar Bears vs 2 for Atlantic City Gamblers.
Shots for this period are 19 for Orlando Solar Bears vs 20 for Atlantic City Gamblers.
3rd period
0:01 of 3rd period - Luke Kunin wins face-off versus Adam Beckman in neutral zone.
0:08 of 3rd period - Snap shot by Cody Glass.
0:08 of 3rd period - Shot Blocked by Jarred Tinordi.
0:10 of 3rd period - Wrist shot by Cody Glass.
0:10 of 3rd period - Stopped by Felix Sandstrom with a rebound.
0:16 of 3rd period - Snap shot by Cody Glass.
0:16 of 3rd period - Deflect By Nils Hoglander.
0:16 of 3rd period - Shot Blocked by Morgan Frost.
0:16 of 3rd period - Puck is out of play.
0:17 of 3rd period - Jean-Luc Foudy wins face-off versus Jason Dickinson in Orlando Solar Bears zone.
0:29 of 3rd period - Minor Penalty to Max Gildon for High sticking.
0:30 of 3rd period - Jason Dickinson wins face-off versus Luke Kunin in Orlando Solar Bears zone.
0:37 of 3rd period - Off-side.
0:38 of 3rd period - Jason Dickinson wins face-off versus Luke Kunin in neutral zone.
0:52 of 3rd period - Snap shot by Nils Hoglander.
0:52 of 3rd period - Shot Misses the Net.
0:56 of 3rd period - Snap shot by Nils Hoglander.
0:56 of 3rd period - Shot Misses the Net.
0:58 of 3rd period - Snap shot by Cam Dineen.
0:58 of 3rd period - Goal by Cam Dineen - Orlando Solar Bears : 5 - Atlantic City Gamblers : 5.
0:59 of 3rd period - Morgan Frost wins face-off versus Luke Kunin in neutral zone.
1:05 of 3rd period - Slapshot by Artemi Kniazev.
1:05 of 3rd period - Shot Misses the Net.
1:07 of 3rd period - Snap shot by Valtteri Puustinen.
1:07 of 3rd period - Stopped by Isaiah Saville with a rebound.
1:09 of 3rd period - Snap shot by Valtteri Puustinen.
1:09 of 3rd period - Shot Misses the Net.
1:11 of 3rd period - Snap shot by Adam Beckman.
1:11 of 3rd period - Stopped by Isaiah Saville without a rebound.
1:12 of 3rd period - Jean-Luc Foudy wins face-off versus Jason Dickinson in Atlantic City Gamblers zone.
1:45 of 3rd period - Snap shot by Valtteri Puustinen.
1:45 of 3rd period - Stopped by Isaiah Saville without a rebound.
1:46 of 3rd period - Egor Sokolov wins face-off versus Philip Tomasino in Atlantic City Gamblers zone.
2:11 of 3rd period - Donovan Sebrango is hit by Boris Katchouk and loses puck.
2:30 of 3rd period - Wrist shot by Cody Glass.
2:30 of 3rd period - Shot Misses the Net.
2:50 of 3rd period - Snap shot by Egor Sokolov.
2:50 of 3rd period - Deflect By Alex Beaucage.
2:50 of 3rd period - Stopped by Felix Sandstrom with a rebound.
2:52 of 3rd period - Wrist shot by Egor Sokolov.
2:52 of 3rd period - Stopped by Felix Sandstrom with a rebound.
2:54 of 3rd period - Slapshot by Michael Vukojevic.
2:54 of 3rd period - Stopped by Felix Sandstrom with a rebound.
2:56 of 3rd period - Slapshot by Michael Vukojevic.
2:56 of 3rd period - Stopped by Felix Sandstrom with a rebound.
2:58 of 3rd period - Snap shot by Jakub Lauko.
2:58 of 3rd period - Shot Blocked by Donovan Sebrango.
3:38 of 3rd period - Snap shot by Morgan Frost.
3:38 of 3rd period - Stopped by Isaiah Saville with a rebound.
3:51 of 3rd period - Off-side.
3:52 of 3rd period - Philip Tomasino wins face-off versus Luke Kunin in neutral zone.
4:19 of 3rd period - Yegor Chinakhov is hit by Jason Dickinson.
4:27 of 3rd period - Snap shot by John Leonard.
4:27 of 3rd period - Stopped by Isaiah Saville without a rebound.
4:28 of 3rd period - Jakub Lauko wins face-off versus Morgan Frost in Atlantic City Gamblers zone.
4:28 of 3rd period - Jakub Lauko is hit by Artemi Kniazev.
5:31 of 3rd period - Alex Turcotte is hit by Boris Katchouk and loses puck.
5:51 of 3rd period - Michael Vukojevic is hit by Victor Soderstrom and loses puck.
6:18 of 3rd period - Backhand shot by Yegor Chinakhov.
6:18 of 3rd period - Shot Blocked by Alex Turcotte.
6:20 of 3rd period - Minor Penalty to Jarred Tinordi for Holding.
6:21 of 3rd period - Jason Dickinson wins face-off versus Luke Kunin in Orlando Solar Bears zone.
6:56 of 3rd period - Icing by Cam Dineen.
6:57 of 3rd period - Jordan Martinook wins face-off versus Luke Kunin in Atlantic City Gamblers zone.
7:00 of 3rd period - Snap shot by Philip Tomasino.
7:00 of 3rd period - Shot Misses the Net.
7:42 of 3rd period - Ronald Attard is hit by Isaak Phillips and loses puck.
7:58 of 3rd period - Icing by Cody Glass.
7:59 of 3rd period - Luke Kunin wins face-off versus Philip Tomasino in Atlantic City Gamblers zone.
8:10 of 3rd period - Donovan Sebrango is hit by Ronald Attard.
8:20 of 3rd period - Penalty to Jarred Tinordi is over, Jarred Tinordi is back on ice.
8:24 of 3rd period - Donovan Sebrango is hit by Cody Glass and loses puck.
8:34 of 3rd period - Off-side.
8:35 of 3rd period - Alex Turcotte wins face-off versus Jakub Lauko in neutral zone.
8:38 of 3rd period - Wrist shot by Emilio Pettersen.
8:38 of 3rd period - Shot Blocked by Egor Sokolov.
8:40 of 3rd period - Slapshot by Artemi Kniazev.
8:40 of 3rd period - Deflect By Emilio Pettersen.
8:40 of 3rd period - Shot Blocked by Ty Smith.
8:40 of 3rd period - Puck is out of play.
8:41 of 3rd period - Morgan Frost wins face-off versus Jakub Lauko in Atlantic City Gamblers zone.
9:15 of 3rd period - Snap shot by Jason Dickinson.
9:15 of 3rd period - Shot Misses the Net.
9:17 of 3rd period - Slapshot by Max Gildon.
9:17 of 3rd period - Shot Misses the Net.
9:51 of 3rd period - Donovan Sebrango is hit by Nick Henry and loses puck.
10:57 of 3rd period - Icing by Alex Turcotte.
10:58 of 3rd period - Alex Turcotte wins face-off versus Jakub Lauko in Orlando Solar Bears zone.
11:15 of 3rd period - Alex Beaucage is hit by Donovan Sebrango and loses puck.
11:28 of 3rd period - Snap shot by Emilio Pettersen.
11:28 of 3rd period - Shot Blocked by Alex Beaucage.
11:30 of 3rd period - Snap shot by Alex Turcotte.
11:30 of 3rd period - Stopped by Isaiah Saville with a rebound.
11:32 of 3rd period - Snap shot by Emilio Pettersen.
11:32 of 3rd period - Stopped by Isaiah Saville without a rebound.
11:33 of 3rd period - Jason Dickinson wins face-off versus Nils Hoglander in Atlantic City Gamblers zone.
11:43 of 3rd period - Icing by Luke Kunin.
11:44 of 3rd period - Morgan Frost wins face-off versus Nils Hoglander in Atlantic City Gamblers zone.
12:09 of 3rd period - Wrist shot by Cody Glass.
12:09 of 3rd period - Stopped by Felix Sandstrom without a rebound.
12:10 of 3rd period - Jason Dickinson wins face-off versus Jean-Luc Foudy in Orlando Solar Bears zone.
12:23 of 3rd period - Slapshot by John Leonard.
12:23 of 3rd period - Stopped by Isaiah Saville with a rebound.
12:25 of 3rd period - Slapshot by Jarred Tinordi.
12:25 of 3rd period - Shot Misses the Net.
12:27 of 3rd period - Slapshot by Victor Soderstrom.
12:27 of 3rd period - Stopped by Isaiah Saville without a rebound.
12:28 of 3rd period - Luke Kunin wins face-off versus Adam Beckman in Atlantic City Gamblers zone.
12:53 of 3rd period - Artemi Kniazev is hit by Alex Beaucage and loses puck.
13:42 of 3rd period - Slapshot by Cam Dineen.
13:42 of 3rd period - Shot Blocked by Victor Soderstrom.
13:44 of 3rd period - Wrist shot by Nick Henry.
13:44 of 3rd period - Shot Misses the Net.
13:56 of 3rd period - Snap shot by Jakub Lauko.
13:56 of 3rd period - Shot Misses the Net.
13:58 of 3rd period - Snap shot by Callan Foote.
13:58 of 3rd period - Shot Misses the Net.
14:00 of 3rd period - Slapshot by Jakub Lauko.
14:00 of 3rd period - Stopped by Felix Sandstrom with a rebound.
14:02 of 3rd period - Slapshot by Callan Foote.
14:02 of 3rd period - Stopped by Felix Sandstrom with a rebound.
14:04 of 3rd period - Snap shot by Egor Sokolov.
14:04 of 3rd period - Stopped by Felix Sandstrom without a rebound.
14:05 of 3rd period - Morgan Frost wins face-off versus Luke Kunin in Orlando Solar Bears zone.
14:41 of 3rd period - Wrist shot by Jordan Martinook.
14:41 of 3rd period - Stopped by Isaiah Saville with a rebound.
15:05 of 3rd period - Minor Penalty to Boris Katchouk for Interference.
15:06 of 3rd period - Nils Hoglander wins face-off versus Jason Dickinson in Atlantic City Gamblers zone.
15:22 of 3rd period - Snap shot by Jason Dickinson.
15:22 of 3rd period - Shot Misses the Net.
17:05 of 3rd period - Penalty to Boris Katchouk is over, Boris Katchouk is back on ice.
17:05 of 3rd period - Luke Kunin is hit by Jarred Tinordi and loses puck.
17:29 of 3rd period - Off-side.
17:30 of 3rd period - Morgan Frost wins face-off versus Jakub Lauko in neutral zone.
17:38 of 3rd period - Layton Ahac and Isaak Phillips fight to a draw.
17:38 of 3rd period - Penalty to Layton Ahac for Fighting.
17:38 of 3rd period - Penalty to Isaak Phillips for Fighting.
17:39 of 3rd period - Philip Tomasino wins face-off versus Jakub Lauko in Atlantic City Gamblers zone.
17:46 of 3rd period - Snap shot by Egor Sokolov.
17:46 of 3rd period - Shot Misses the Net.
17:48 of 3rd period - Snap shot by Jakub Lauko.
17:48 of 3rd period - Stopped by Felix Sandstrom with a rebound.
17:50 of 3rd period - Wrist shot by Egor Sokolov.
17:50 of 3rd period - Stopped by Felix Sandstrom without a rebound.
17:51 of 3rd period - Jakub Lauko wins face-off versus Philip Tomasino in Orlando Solar Bears zone.
17:52 of 3rd period - Wrist shot by Egor Sokolov.
17:52 of 3rd period - Stopped by Felix Sandstrom without a rebound.
17:53 of 3rd period - Jakub Lauko wins face-off versus Philip Tomasino in Orlando Solar Bears zone.
18:44 of 3rd period - Snap shot by Boris Katchouk.
18:44 of 3rd period - Shot Blocked by Victor Soderstrom.
18:46 of 3rd period - Snap shot by Cam Dineen.
18:46 of 3rd period - Shot Blocked by Jarred Tinordi.
19:03 of 3rd period - Snap shot by Morgan Frost.
19:03 of 3rd period - Shot Blocked by Cody Glass.
19:05 of 3rd period - Wrist shot by Morgan Frost.
19:05 of 3rd period - Stopped by Isaiah Saville with a rebound.
19:09 of 3rd period - Backhand shot by Valtteri Puustinen.
19:09 of 3rd period - Stopped by Isaiah Saville with a rebound.
19:11 of 3rd period - Slapshot by Valtteri Puustinen.
19:11 of 3rd period - Deflect By Morgan Frost.
19:11 of 3rd period - Shot Blocked by Thomas Harley.
19:11 of 3rd period - Puck is out of play.
19:12 of 3rd period - Philip Tomasino wins face-off versus Egor Sokolov in Atlantic City Gamblers zone.
19:27 of 3rd period - Backhand shot by Ty Smith.
19:27 of 3rd period - Deflect By Egor Sokolov.
19:27 of 3rd period - Shot Misses the Net.
19:27 of 3rd period - Puck is out of play.
19:28 of 3rd period - Alex Turcotte wins face-off versus Nick Henry in Orlando Solar Bears zone.
19:30 of 3rd period - Minor Penalty to Jarred Tinordi for Interference.
19:31 of 3rd period - Jean-Luc Foudy wins face-off versus Jason Dickinson in Orlando Solar Bears zone.
Goals for this period are 0 for Orlando Solar Bears vs 1 for Atlantic City Gamblers.
Shots for this period are 12 for Orlando Solar Bears vs 13 for Atlantic City Gamblers.
Overtime #1
0:01 of 1st overtime period - Luke Kunin wins face-off versus Jason Dickinson in neutral zone.
0:04 of 1st overtime period - Donovan Sebrango is hit by Ty Smith and loses puck.
1:30 of 1st overtime period - Penalty to Jarred Tinordi is over, Jarred Tinordi is back on ice.
1:48 of 1st overtime period - Snap shot by Jamieson Rees.
1:48 of 1st overtime period - Stopped by Isaiah Saville without a rebound.
1:49 of 1st overtime period - Nils Hoglander wins face-off versus Jason Dickinson in Atlantic City Gamblers zone.
1:59 of 1st overtime period - Icing by Morgan Frost.
2:00 of 1st overtime period - Luke Kunin wins face-off versus Jason Dickinson in Orlando Solar Bears zone.
2:38 of 1st overtime period - Penalty to Layton Ahac is over, Layton Ahac is back on ice.
2:38 of 1st overtime period - Penalty to Isaak Phillips is over, Isaak Phillips is back on ice.
4:08 of 1st overtime period - Jamieson Rees is hit by Jakub Lauko.
4:12 of 1st overtime period - Alex Beaucage is hit by Jarred Tinordi and loses puck.
Goals for this period are 0 for Orlando Solar Bears vs 0 for Atlantic City Gamblers.
Shots for this period are 1 for Orlando Solar Bears vs 0 for Atlantic City Gamblers.
ShootOut
5:00 of 1st overtime period - Round #1.
5:00 of 1st overtime period - Orlando Solar Bears, Jason Dickinson.
5:00 of 1st overtime period - Backhand shot by Jason Dickinson.
5:00 of 1st overtime period - Stopped by Isaiah Saville.
5:00 of 1st overtime period - Atlantic City Gamblers, Luke Kunin.
5:00 of 1st overtime period - Backhand shot by Luke Kunin.
5:00 of 1st overtime period - Stopped by Felix Sandstrom.
5:00 of 1st overtime period - Round #2.
5:00 of 1st overtime period - Orlando Solar Bears, Morgan Frost.
5:00 of 1st overtime period - Wrist shot by Morgan Frost.
5:00 of 1st overtime period - Stopped by Isaiah Saville.
5:00 of 1st overtime period - Atlantic City Gamblers, Cody Glass.
5:00 of 1st overtime period - Backhand shot by Cody Glass.
5:00 of 1st overtime period - Stopped by Felix Sandstrom.
5:00 of 1st overtime period - Round #3.
5:00 of 1st overtime period - Orlando Solar Bears, Philip Tomasino.
5:00 of 1st overtime period - Wrist shot by Philip Tomasino.
5:00 of 1st overtime period - Goal by Philip Tomasino.
5:00 of 1st overtime period - Atlantic City Gamblers, Nils Hoglander.
5:00 of 1st overtime period - Snap shot by Nils Hoglander.
5:00 of 1st overtime period - Stopped by Felix Sandstrom.
Back to the Top